AoeStats
← 散步黑鵝

Arabia

509840111Analyzed
4v4 RM · 4d ago on Sep 28, 2026· 31m 7s· 8 players
Game mode
Random Map
Map size
Large (8 player)
Population
200
Speed
Normal
Resources
Standard
Victory
Conquest
Starting age
Dark Age
Ending age
Imperial Age
RankedLock teamsTeams togetherTeam positionsShared explorationLock speedFull tech treeHidden civsTurbo modeCheats
Victory
Defeat
🇹🇼 Sicilians · Taiwan
2103
+1
🇹🇼 Vikings · Taiwan
2050
+1
🇹🇼 Mongols · Taiwan
1996
+2
🇹🇼 Bohemians · Taiwan
1977
+2
🇦🇺 Romans · Australia
1587
-2
🇦🇺 Teutons · Australia
1575
-2
🇦🇺 Wei · Australia
1451
-1
🇦🇺 Burgundians · Australia
1431
-1
ANKR.Navvy
7:56 Feudal Age
8:43 Double-Bit Axe
9:56 Horse Collar
10:51 Loom
12:50 Scale Barding Armor
14:01 Bloodlines
17:12 Wheelbarrow
17:29 Forging
18:08 Gold Mining
21:38 Castle Age
20:37 Forging
21:59 Light Cavalry
22:40 Husbandry
22:50 Bow Saw
22:42 Heavy Plow
24:36 Iron Casting
25:46 Chain Barding Armor
29:51 Hand Cart
白龍
8:47 Feudal Age
9:18 Double-Bit Axe
9:24 Horse Collar
15:43 Scale Barding Armor
16:38 Bloodlines
19:04 Wheelbarrow
22:13 Castle Age
20:31 Loom
20:58 Forging
21:02 Gold Mining
23:11 Bow Saw
23:04 Heavy Plow
23:37 Husbandry
24:19 Gold Shaft Mining
25:42 Chain Barding Armor
25:46 Hand Cart
25:58 Stone Mining
ANKR.Blve
6:40 Loom
9:23 Feudal Age
10:26 Double-Bit Axe
15:34 Town Watch
15:43 Fishing Lines
22:07 Castle Age
20:19 Fletching
21:01 Padded Archer Armor
22:09 Crossbowman
22:45 Bodkin Arrow
22:42 Gillnets
23:52 Wheelbarrow
25:00 Bow Saw
25:05 Fervor
30:49 Imperial Age
28:46 Ballistics
29:36 Hand Cart
30:26 Chemistry
30:52 Hand Cart
31:00 Arbalester
散步黑鵝
6:32 Loom
9:05 Feudal Age
12:10 Fletching
20:25 Castle Age
19:10 Horse Collar
19:17 Double-Bit Axe
19:18 Horse Collar
19:58 Gold Mining
20:18 Gold Mining
21:04 Bodkin Arrow
20:46 Crossbowman
25:07 Ballistics
24:52 Padded Archer Armor
32:35 Imperial Age
30:33 Bow Saw
Blue
6:50 Loom
9:10 Feudal Age
9:48 Double-Bit Axe
9:44 Horse Collar
15:26 Forging
18:12 Scale Barding Armor
20:21 Bloodlines
21:38 Wheelbarrow
24:37 Castle Age
23:09 Scale Mail Armor
25:29 Bow Saw
25:13 Gold Mining
26:04 Chain Barding Armor
31:17 Iron Casting
30:56 Husbandry
Matthew
5:43 Loom
8:44 Feudal Age
9:21 Double-Bit Axe
9:39 Horse Collar
14:32 Scale Barding Armor
19:14 Bloodlines
25:19 Castle Age
24:08 Gold Mining
26:00 Forging
26:24 Chain Barding Armor
25:43 Light Cavalry
28:15 Husbandry
TDI
6:03 Loom
8:53 Feudal Age
12:03 Fletching
17:46 Town Watch
20:57 Castle Age
19:00 Double-Bit Axe
19:37 Gold Mining
20:17 Padded Archer Armor
20:59 Crossbowman
21:37 Bodkin Arrow
26:03 Ballistics
28:58 Bow Saw
SlateRS
6:35 Loom
8:41 Feudal Age
11:51 Fletching
16:53 Double-Bit Axe
24:44 Castle Age
24:19 Padded Archer Armor
24:12 Gold Mining
25:22 Bodkin Arrow
24:56 Crossbowman
26:50 Ballistics
Connection lost

Rejoining the realm…

Still unreachable

The connection could not be restored.

Session expired

The server has moved on; the page needs a fresh start.